 Dungeon Crawl Stone Soup version 0.22-a0-422-g9628fc87f1 (webtiles) character file.

1453 Kriby the Cleaver (level 8, -8/70 HPs)
             Began as a Hill Orc Monk on May 17, 2018.
             Was a Believer of Beogh.
             Mangled by a cyan ugly thing (15 damage)
             ... on level 6 of the Dungeon.
             The game lasted 00:05:32 (6048 turns).

Kriby the Cleaver (Hill Orc Monk)                   Turns: 6048, Time: 00:05:32

Health: -8/70      AC: 11    Str: 16    XL:     8   Next: 75%
Magic:  8/8        EV:  9    Int: 10    God:    Beogh [**....]
Gold:   289        SH:  6    Dex: 16    Spells: 7/7 levels left

rFire    . . .     SeeInvis .   m - +5 war axe of Xaer {chop, +Blink rPois}
rCold    . . .     Gourm    .   x - +0 buckler
rNeg     . . .     Faith    .   i - +0 chain mail
rPois    +         Spirit   .   (no helmet)
rElec    .         Reflect  .   (no cloak)
rCorr    .         Harm     .   (no gloves)
MR       .....                  (no boots)
Stlth    ..........             (no amulet)
HPRegen  0.21/turn              g - +2 ring of protection
MPRegen  0.11/turn              t - +3 ring of dexterity

@: no status effects
A: no striking features
a: Smiting, Renounce Religion, Evoke Blink


You were on level 6 of the Dungeon.
You worshipped Beogh.
Beogh was pleased with you.
You were very hungry.

You visited 1 branch of the dungeon, and saw 6 of its levels.

You collected 289 gold pieces.

Inventory:

Hand Weapons
 a - a +0 hand axe
 m - the +5 war axe of Xaer (weapon) {chop, +Blink rPois}
   (You found it on level 5 of the Dungeon)

   It inflicts extra damage upon your enemies.
   It protects you from poison.
   It lets you blink.
Missiles
 u - 3 tomahawks (quivered)
 v - 2 javelins
Armour
 i - a +0 chain mail (worn)
 k - a cursed +0 large shield
 x - a +0 buckler (worn)
Jewellery
 g - a +2 ring of protection (left hand)
 p - an uncursed ring of magical power
 t - a +3 ring of dexterity (right hand)
Wands
 w - a wand of iceblast (3)
Scrolls
 b - 2 scrolls of enchant weapon {unknown}
 d - 4 scrolls of amnesia {unknown}
 e - 4 scrolls of teleportation {unknown}
 f - 3 scrolls of enchant armour {unknown}
 h - 3 scrolls of fear {unknown}
 j - 2 scrolls of fog {unknown}
 l - a scroll of magic mapping {unknown}
 o - 4 scrolls of identify
 r - 2 scrolls of immolation {unknown}
 s - 6 scrolls of remove curse {unknown}
 y - a scroll of random uselessness {unknown}
Potions
 n - 2 potions of curing
Comestibles
 c - 16 rations


   Skills:
 + Level 6.2 Fighting
 * Level 8.4 Axes
 + Level 4.2 Armour
 + Level 4.0 Dodging
 - Level 1.5 Stealth
 * Level 5.6 Shields


You had 7 spell levels left.
You didn't know any spells.
Your spell library was empty.

Dungeon Overview and Level Annotations

Branches:
Dungeon (6/15)             Temple (0/1) D:4

Altars:
Dithmenos
Elyvilon
Makhleb
Nemelex Xobeh
Qazlal
Ru
Trog
Vehumet
Xom
Zin


Message History

Beogh accepts your kill.
Beogh appreciates your killing of a heretic priest.
You hit the orc but do no damage. You barely miss the cyan ugly thing.
The cyan ugly thing barely misses you. You block the orc's attack.
You hit the cyan ugly thing.
The cyan ugly thing is moderately wounded.
You slash the orc!
You kill the orc!
Beogh accepts your kill. The cyan ugly thing stings you.
The cyan ugly thing shocks you!
You slash the cyan ugly thing!
The cyan ugly thing is heavily wounded.
The cyan ugly thing stings you. The cyan ugly thing shocks you!
* * * LOW HITPOINT WARNING * * *
You hit the cyan ugly thing.
The cyan ugly thing is heavily wounded.
The cyan ugly thing stings you!
* * * LOW HITPOINT WARNING * * *
The cyan ugly thing shocks you!
You die...

######
#####....####
#...........###
....##@##.......##
# . #u))####.....#
# #...# ###...# #
#...# #.##..# #
#...# #).'..# #
#[..# #.##..# #
#...# ###...# #
#($!#'##.....######
###..............


You could see a cyan ugly thing.

Vanquished Creatures
  Grinder (D:3)
  The ghost of Kriby the Chopper, an amateur HOMo (D:4)
  An ice beast (D:6)
  An orc warrior (D:6)
  A centaur (D:5)
  A wyvern skeleton (D:6)
  2 howler monkeys (D:6)
  3 crimson imps
  A centaur zombie (D:6)
  A hound (D:6)
  A centaur skeleton (D:6)
  An orc priest (D:4)
  A bullfrog skeleton (D:4)
  A jelly (D:6)
  Ijyb (D:3)
  A gnoll shaman (D:6)
  An iguana (D:4)
  4 orc wizards
  A worker ant (D:6)
  A killer bee zombie (D:6)
  A worker ant zombie (D:5)
  3 gnolls
  2 adders (D:4)
  A shadow imp (D:6)
  2 worms
  2 dart slugs (D:1)
  6 leopard geckos
  20 orcs
  6 bats
  8 giant cockroaches
  5 goblins
  9 hobgoblins
  9 jackals
  A quokka (D:3)
  A ball python (D:4)
  2 ball python skeletons
  5 frilled lizards
  7 kobolds
  4 rats
120 creatures vanquished.

Notes
Turn   | Place    | Note
-------+----------+-------------------------------------------
     0 | D:1      | Kriby the Hill Orc Monk began the quest for the Orb.
     0 | D:1      | Reached XP level 1. HP: 19/19 MP: 1/1
   248 | D:1      | Reached XP level 2. HP: 24/27 MP: 2/2
   432 | D:1      | Reached skill level 1 in Armour
   557 | D:1      | Reached XP level 3. HP: 33/33 MP: 3/3
  1288 | D:2      | Found a sacrificial altar of Ru.
  1795 | D:2      | Reached skill level 1 in Shields
  1917 | D:2      | Found a sparkling altar of Nemelex Xobeh.
  2119 | D:2      | Reached XP level 4. HP: 37/40 MP: 4/4
  2675 | D:2      | Reached skill level 5 in Axes
  2878 | D:3      | Noticed Ijyb
  2927 | D:3      | Killed Ijyb
  2927 | D:3      | Reached XP level 5. HP: 46/47 MP: 5/5
  3061 | D:3      | Noticed Grinder
  3093 | D:3      | Killed Grinder
  3093 | D:3      | Reached skill level 6 in Axes
  3093 | D:3      | Reached XP level 6. HP: 47/55 MP: 6/6
  3232 | D:3      | Found a burning altar of Makhleb.
  3233 | D:3      | Found a shimmering altar of Xom.
  3886 | D:4      | Noticed Kriby's ghost (amateur HOMo)
  3923 | D:4      | Killed Kriby's ghost
  3923 | D:4      | Reached skill level 5 in Fighting
  3923 | D:4      | Reached XP level 7. HP: 23/61 MP: 7/7
  4346 | D:4      | Found a bloodstained altar of Trog.
  4366 | D:4      | Found a stormy altar of Qazlal.
  4366 | D:4      | Found a glowing silver altar of Zin.
  4366 | D:4      | Found a shadowy altar of Dithmenos.
  4375 | D:4      | Found a staircase to the Ecumenical Temple.
  4553 | D:4      | Found a white marble altar of Elyvilon.
  4607 | D:4      | Became a worshipper of Beogh the Brigand
  4607 | D:4      | Reached * piety under Beogh
  4607 | D:4      | Reached ** piety under Beogh
  4896 | D:5      | Entered Level 5 of the Dungeon
  4921 | D:5      | Reached skill level 7 in Axes
  4931 | D:5      | Got a crude war axe
  4932 | D:5      | Identified the +5 war axe of Xaer {chop, +Blink rPois} (You found it on level 5 of the Dungeon)
  5425 | D:6      | Reached XP level 8. HP: 69/69 MP: 8/8
  5601 | D:6      | Reached skill level 5 in Shields
  5651 | D:6      | Reached skill level 8 in Axes
  5866 | D:6      | Found a radiant altar of Vehumet.
  6038 | D:6      | Noticed a cyan ugly thing
  6048 | D:6      | Mangled by a cyan ugly thing

Vault maps used:
D:1:      enne_arrival_octagon_isle
D:2:      lemuel_coloured_pillars_altar, old_standard_altar, first_ration,
          nrook_loot_triangle
D:3:      grunt_temple_overflow_champion_of_chaos, minmay_goblin_kobold_house,
          uniq_grinder, uniq_ijyb
D:4:      lemuel_round_altar, chequers_temple_overflow_statue_of_worship,
          temple_hall
D:6:      kennysheep_little_box, hangedman_decor_diamond_cutter,
          minmay_divided_ellipse

Skill      XL: |  1  2  3  4  5  6  7  8 |
---------------+-------------------------+-----
Armour         | 1 2 3 4 |  4.2
Fighting       | 4 5 6 |  6.2
Shields        | 1 3 4 5 |  5.6
Axes           | 5 6 7 8 |  8.4
Dodging        | 3 4 |  4.0
Stealth        | |  1.5

Action                   |  1- 3 |  4- 6 |  7- 9 || total
-------------------------+-------+-------+-------++-------
Melee: Hand axe          |   101 |   137 |    56 ||   294
       Unarmed           |       |     6 |       ||     6
       War axe           |       |       |    82 ||    82
Throw: Tomahawk          |    24 |    10 |     9 ||    43
       Javelin           |    12 |     5 |     3 ||    20
Invok: Convert to Beogh  |       |       |     1 ||     1
  Use: Potion            |       |     7 |       ||     7
       Scroll            |       |       |     1 ||     1
 Stab: Sleeping          |       |     2 |     1 ||     3
       Invisible         |       |     1 |       ||     1
  Eat: Chunk             |     4 |     5 |     6 ||    15
Armor: Robe              |     1 |       |       ||     1
       Ring mail         |    18 |    28 |    17 ||    63
       Skin              |       |     1 |       ||     1
       Chain mail        |       |       |    32 ||    32
Dodge: Dodged            |    61 |    74 |    54 ||   189
Block: Buckler           |       |     6 |    30 ||    36

Table legend:
 A = Spawn XP
 B = Non-spawn XP
 C = Spawn XP percentage of total XP
 D = Spawn monster count
 E = Non-spawn monster count
 F = Spawn count percentage of total count
 G = Total turns spent on level
                    A         B        C        D         E        F      G
               +---------+---------+-------+---------+---------+-------+---------
         Total |       0 |    2076 |   0.0 |       0 |     120 |   0.0 |  6048
               +---------+---------+-------+---------+---------+-------+---------
           D:1 |       0 |      44 |   0.0 |       0 |      24 |   0.0 |  1147
           D:2 |       0 |      72 |   0.0 |       0 |      21 |   0.0 |  1463
           D:3 |       0 |     447 |   0.0 |       0 |      23 |   0.0 |  1166
           D:4 |       0 |     365 |   0.0 |       0 |      16 |   0.0 |  1120
           D:5 |       0 |     188 |   0.0 |       0 |      10 |   0.0 |   479
           D:6 |       0 |     960 |   0.0 |       0 |      26 |   0.0 |   673
               +---------+---------+-------+---------+---------+-------+---------
